 Dungeon Crawl Stone Soup version 0.22-a0-398-g8bb545f (webtiles) character file.

506981 emperorscorpion the Hoplite (level 23, -4/216 HPs)
             Began as a Minotaur Fighter on May 5, 2018.
             Was the Champion of Cheibriados.
             Killed from afar by a Hell Sentinel (43 damage)
             ... with an iron shot
             ... on level 5 of the Realm of Zot.
             The game lasted 01:36:51 (23067 turns).

emperorscorpion the Hoplite (Minotaur Fighter)     Turns: 23067, Time: 01:36:52

Health: -4/216     AC: 34    Str: 48      XL:     23   Next: 86%
Magic:  24/31      EV: 24    Int: 21 (22) God:    Cheibriados [******]
Gold:   2285       SH: 35    Dex: 25      Spells: 27/30 levels left

rFire    + + .     SeeInvis +   a - +9 demon blade (elec)
rCold    + . .     Gourm    .   D - +4 large shield
rNeg     + . .     Faith    .   x - +2 gold dragon scales
rPois    +         Spirit   .   t - +3 crown of Dyrovepreva {rElec Int+2 SInv}
rElec    +         Reflect  .   y - +2 cloak {+Inv}
rCorr    .         Harm     .   (no gloves)
MR       ++...                  M - +2 pair of boots
Stlth    ..........             u - amulet "Dainuk" {rF+ Regen+ Str+4}
HPRegen  0.86/turn              c - ring of positive energy
MPRegen  0.22/turn              w - ring of poison resistance

@: very slow
A: retaliatory headbutt, hooves 1, horns 2, deterioration 1, magic resistance 1,
mutation resistance 1, sense surroundings 1, weak 1, subdued magic 1
0: Orb of Zot
}: 3/15 runes: serpentine, barnacled, silver
a: Bend Time, Temporal Distortion, Slouch, Step From Time, Renounce Religion,
Evoke Invisibility


You were on level 5 of the Realm of Zot.
You worshipped Cheibriados.
Cheibriados was exalted by your worship.
You were not hungry.

You visited 10 branches of the dungeon, and saw 49 of its levels.
You visited 2 bazaars.
You also visited: Labyrinth.

You collected 5151 gold pieces.
You spent 2866 gold pieces at shops.

Inventory:

Hand Weapons
 a - a +9 demon blade of electrocution (weapon)
 b - a +7 demon blade of slicing
 B - a +3 scimitar of flaming
 N - the +3 long sword of Baih {vamp, *Noise rElec rPois Dex+2}
   (You took it off a deep elf mage on level 5 of the Vaults)

   It inflicts no extra harm, but heals its wielder when it wounds a living foe.
   It affects your dexterity (+2).
   It insulates you from electricity.
   It protects you from poison.
   It may make noises in combat.
Missiles
 d - 24 javelins of returning (quivered)
 s - 10 throwing nets
Armour
 t - the +3 crown of Dyrovepreva (worn) {rElec Int+2 SInv}
   (You acquired it on level 3 of the Depths)

   It affects your intelligence (+2).
   It insulates you from electricity.
   It lets you see invisible.
 x - +2 gold dragon scales (worn)
 y - a +2 cloak of invisibility (worn)
 D - a +4 large shield (worn)
 E - the +0 cloak of Bytipris {*Contam +Blink rPois rCorr}
   (You found it on level 4 of the Depths)

   It protects you from poison.
   It lets you blink.
   It causes magical contamination when unequipped.
   It protects you from acid and corrosion.
 F - the +4 plate armour of the Gloaming {rF++ rN+ Regen+ Dex-5}
   (You found it on level 5 of the Vaults)

   It affects your dexterity (-5).
   It greatly protects you from fire.
   It protects you from negative energy.
   It increases your rate of regeneration.
 M - a +2 pair of boots (worn)
Magical Staves
 S - an uncursed staff of wizardry
Jewellery
 c - a ring of positive energy (left hand)
 j - an uncursed amulet of regeneration
 m - an uncursed ring of ice
 o - an uncursed ring of resist corrosion
 u - the amulet "Dainuk" (around neck) {rF+ Regen+ Str+4}
   (You took it off a deep elf knight on level 4 of the Vaults)

   [amulet of regeneration]

   It affects your strength (+4).
   It protects you from fire.
   It increases your rate of regeneration.
 w - a ring of poison resistance (right hand)
 J - an uncursed ring of wizardry
Wands
 h - a wand of polymorph (56)
 r - a wand of enslavement (9)
 G - a wand of clouds (8)
 P - a wand of acid (38)
 T - a wand of scattershot (3)
 V - a wand of digging (43)
 Z - a wand of iceblast (27)
Scrolls
 e - 3 scrolls of fear
 i - 9 scrolls of identify
 k - 2 scrolls of blinking
 l - 18 scrolls of remove curse
 p - 2 scrolls of summoning
 v - 2 scrolls of immolation
 H - 2 scrolls of amnesia
 O - 14 scrolls of teleportation
 Q - 3 scrolls of magic mapping
 W - 5 scrolls of fog
Potions
 g - 2 potions of magic
 q - a potion of brilliance
 z - 2 potions of heal wounds
 A - 3 potions of agility
 C - 9 potions of curing
 L - 2 potions of invisibility
 U - 2 potions of flight
Miscellaneous
 I - a fan of gales
 K - a lightning rod (4/4)
 X - a phantom mirror
 Y - a lamp of fire
Comestibles
 f - 42 rations


   Skills:
 + Level 20.2 Fighting
 - Level 14.0 Long Blades
 + Level 10.1 Throwing
 * Level 17.5 Armour
 + Level 17.0 Dodging
 - Level 4.4 Stealth
 - Level 25.0 Shields
 - Level 4.4 Spellcasting
 - Level 4.2 Charms
 - Level 4.8 Necromancy
 + Level 13.1 Invocations
 + Level 10.6 Evocations


You had 27 spell levels left.
You knew the following spells:

 Your Spells              Type           Power        Failure   Level  Hunger
r - Regeneration          Chrm/Necr      ###.......   24%         3    ##.....


Dungeon Overview and Level Annotations

Branches:
Dungeon (15/15)            Temple (1/1) D:5            Lair (6/6) D:9
 Shoals (4/4) Lair:3        Snake (4/4) Lair:3        Slime (0/5) Lair:6
    Orc (2/2) D:9             Elf (2/3) Orc:2        Vaults (5/5) D:14
 Depths (5/5) D:15            Zot (5/5) Depths:5
  Crypt: Vaults:2-3

Altars:
Ashenzari
Cheibriados
Dithmenos
Gozag
Makhleb
Ru
Sif Muna
Uskayaw
Vehumet
Xom
Yredelemnul
Zin
Beogh

Shops:
D:9 %   Orc:1 =   Orc:2 [=:(   Elf:1 =   Snake:1 (   Vaults:4 (?   Zot:4 *

Portals:
Hell: Depths:5
Ziggurat: Depths:4

Annotations:
D:3 Dargar's ghost, amateur OpAs
D:5 !dig


Innate Abilities, Weirdness & Mutations

You reflexively headbutt those who attack you in melee.
You have a pair of horns on your head.
You have large cloven feet.
Your body sometimes deteriorates upon taking damage.
You are resistant to hostile enchantments. (MR+)
You are somewhat resistant to further mutation.
You passively map a small area around you.
You are weak. (Str -2)
Your spells are a little easier to cast, but a little less powerful.


Message History

You block the Hell Sentinel's attack. x2
The Tzitzimitl calls on the powers of darkness!
Your body is wracked with pain!
* * * LOW HITPOINT WARNING * * *
You block the large abomination's attack.
Unknown command.
You slash the Hell Sentinel!
The Hell Sentinel is almost dead.
You block the Hell Sentinel's attack.
The Hell Sentinel completely misses you.
You block the large abomination's attack.
You hit the Hell Sentinel. Your headbutt misses the Hell Sentinel.
The Hell Sentinel is almost dead.
The Tzitzimitl gestures at you.
The bolt of cold hits the Hell Sentinel.
The Hell Sentinel completely resists.
The bolt of cold hits you! You resist.
* * * LOW HITPOINT WARNING * * *
The Hell Sentinel gestures at you. The iron shot hits you!
You die...

▓▓......................▓.....
▓▓.............).............
▓▓......................▓.....
▓▓......^................▓▓....
▓.....^..................▓▓▓...
▓......).................# ▓▓▓▓
▓▓..............†.......##
▓▓.......[1..........▓##
▓▓..)......1@X...▓▓▓▓
▓▓.....##▓▓▓▓▓▓▓▓▓▓▓#
##............).))...###
##.^.............)##....##
##..................###...#####
#....................###.......
#.............[..÷...# ##......
#..^[...............^# #.[.[..
#....................# ##.....


You could see a Hell Sentinel, a Tzitzimitl and a large abomination.

Vanquished Creatures
  4 orbs of fire
  5 ancient liches (Zot:5)
  Frederick (Vaults:3)
  3 Killer Klowns (Zot:5)
  A curse toe (Zot:5)
  7 golden dragons
  A bone dragon (Depths:5)
  3 electric golems
  8 tentacled monstrosities
  2 liches (Vaults:4)
  4 titans
  22 Orb Guardians (Zot:5)
  5 quicksilver dragons
  An Executioner (Zot:5)
  4 shadow dragons
  5 tengu reavers
  9 storm dragons
  Kirke (Elf:1)
  3 draconian monks
  9 nagarajas
  9 death cobs
  Donald (Shoals:2)
  Ilsuiw (Shoals:4)
  2 fire giants (Vaults:4)
  2 deep elf sorcerers (Vaults:5)
  3 draconian scorchers
  2 frost giants
  2 iron dragons (Vaults:5)
  4 draconian knights
  A ghost moth (Zot:4)
  8 vault wardens
  5 draconian shifters
  2 draconian annihilators
  2 draconian stormcallers (Zot:5)
  7 stone giants
  15 ironheart preservers
  3 entropy weavers
  10 very ugly things
  A war gargoyle (Vaults:5)
  A deep elf demonologist (Depths:5)
  A minotaur (Lab)
  6 green draconians
  2 deep elf annihilators
  10 yellow draconians
  8 white draconians
  8 purple draconians
  12 black draconians
  3 spark wasps (Depths:4)
  7 ettins
  3 red draconians
  4 merfolk javelineers (Shoals:4)
  A deep elf death mage (Vaults:4)
  9 merfolk impalers (Shoals:4)
  An ettin (shapeshifter) (Vaults:5)
  3 fire dragons
  4 crystal guardians (Depths:3)
  8 ogre magi
  14 yaktaur captains
  A deep elf high priest (Vaults:5)
  2 great orbs of eyes
  27 vault guards
  Harold (Lair:2)
  2 ice dragons
  A spriggan air mage (Depths:3)
  5 hydras
  2 rakshasas
  An alligator snapping turtle (Shoals:3)
  8 naga warriors
  A catoblepas (Lair:5)
  4 merfolk aquamancers
  2 merfolk avatars (Shoals:4)
  10 anacondas
  Erica (D:8)
  7 centaur warriors
  2 dancing weapons
  2 deep troll shamans (Depths:5)
  A satyr (Shoals:4)
  A death knight (Vaults:4)
  5 tengu warriors
  30 two-headed ogres
  A queen ant (D:10)
  4 death yaks (Lair:5)
  10 naga sharpshooters
  3 shock serpents
  7 orc high priests
  2 spriggan berserkers
  The ghost of Dargar the Covert, a novice OpAs of Dithmenos (D:7)
  4 deep elf knights
  12 sea snakes
  2 skeletal warriors (Vaults:1)
  2 shadow wraiths
  A flayed ghost (Vaults:4)
  An unseen horror (Depths:4)
  15 deep trolls
  2 salamander mystics
  5 small abominations
  A glowing orange brain (Vaults:5)
  4 phantasmal warriors
  A sea snake (shapeshifter) (D:14)
  11 orc knights
  6 naga ritualists
  2 necromancers (Vaults:5)
  An orange crystal statue (Depths:3)
  Pikel (D:7)
  19 ironbrand convokers
  2 wizards (Vaults:3)
  7 deep elf archers
  18 harpies
  2 oklob plants (Lair:5)
  4 manticores
  7 fauns
  6 mana vipers
  3 orc sorcerers (Orc:2)
  23 ugly things
  18 deep elf magi
  A tengu skeleton (Vaults:5)
  6 elephants
  16 merfolk sirens
  2 cyclopes
  9 moths of wrath
  3 salamanders
  33 black mambas
  8 vault sentinels
  16 naga magi
  6 water nymphs
  4 guardian serpents
  A rust devil (Zot:5)
  24 spiny frogs
  10 large abominations
  A human zombie (Vaults:5)
  4 rime drakes
  56 yaktaurs
  A rime drake (shapeshifter) (Vaults:4)
  6 komodo dragons
  7 freezing wraiths
  A merfolk (shapeshifter) (Vaults:5)
  A jumping spider (shapeshifter) (Vaults:5)
  A polar bear (Lair:5)
  A yaktaur skeleton (Vaults:5)
  20 merfolk
  A troll (shapeshifter) (Depths:1)
  4 hornets
  A queen bee (shapeshifter) (D:14)
  A tengu conjurer (Depths:3)
  5 tyrant leeches (Lair:6)
  4 trolls
  4 slime creatures (Depths:1)
  30 blink frogs
  2 snapping turtles
  A raiju (shapeshifter) (D:14)
  2 wind drakes
  8 hippogriffs
  3 redbacks (Vaults:4)
  A spriggan (shapeshifter) (Vaults:3)
  3 air elementals (Elf:1)
  3 wyverns
  An ettin skeleton (Vaults:5)
  2 spriggans (Depths:5)
  9 water elementals
  A wraith (D:10)
  18 yaks
  A steam dragon (D:9)
  A human (D:9)
  Grum (D:9)
  10 vampire mosquitoes
  A hog (Elf:1)
  2 basilisks (Lair:1)
  2 chaos spawn (Depths:4)
  11 wargs
  45 nagas
  8 soldier ants (D:10)
  A floating eye (Depths:3)
  13 water moccasins
  An acid dragon (D:14)
  18 orc warriors
  5 porcupines
  A sky beast (D:10)
  A black bear (D:12)
  2 ice beasts
  An eye of draining (shapeshifter) (Vaults:4)
  A slave (D:7)
  2 eyes of draining
  An ettin simulacrum (Vaults:5)
  2 phantoms
  8 boggarts
  7 wolves
  26 ogres
  19 centaurs
  11 crocodiles
  2 big kobolds
  Blork the orc (D:6)
  30 bullfrogs
  2 earth elementals (Elf:1)
  A wyvern skeleton (D:10)
  3 scorpions
  The ghost of emperorscorpion the Skirmisher, a weakling HOFi of Okawaru (D:5)
  6 killer bees (D:7)
  6 electric eels
  4 wights (D:10)
  A howler monkey (D:6)
  4 crimson imps
  3 bullfrog zombies
  A centaur zombie (D:9)
  6 hounds
  3 jellies
  3 centaur skeletons
  20 orc priests
  17 orc wizards
  A bullfrog skeleton (D:13)
  2 iguanas
  21 worker ants
  A killer bee zombie (D:7)
  A worker ant zombie (D:8)
  A howler monkey skeleton (D:8)
  16 gnolls
  9 adders
  2 shadow imps
  An ooze (D:4)
  An adder skeleton (D:10)
  2 leopard geckos
  78 orcs
  3 bats
  2 giant cockroaches
  3 goblins
  3 hobgoblins
  22 jackals
  6 kobolds
  A quokka (D:3)
  4 ball pythons
  A giant cockroach zombie (D:6)
  A leopard gecko skeleton (D:9)
  A rat (D:3)
  A crawling corpse (Vaults:4)
  5 plants
1454 creatures vanquished.

Vanquished Creatures (others)
  A black draconian (Depths:5)
  A moth of wrath (Zot:5)
  A merfolk (Shoals:2)
  5 humans (Elf:1)
  An orc wizard (Orc:2)
  15 fungi
  61 plants
85 creatures vanquished.

Grand Total: 1539 creatures vanquished

Notes
Turn   | Place    | Note
-------+----------+-------------------------------------------
     0 | D:1      | emperorscorpion the Minotaur Fighter began the quest for the Orb.
     0 | D:1      | Reached XP level 1. HP: 19/19 MP: 0/0
   348 | D:2      | Reached skill level 4 in Shields
   348 | D:2      | Reached XP level 2. HP: 27/27 MP: 1/1
   412 | D:2      | Reached XP level 3. HP: 30/33 MP: 2/2
   558 | D:5      | Entered Level 5 of the Dungeon
   565 | D:5      | Noticed emperorscorpion's ghost (weakling HOFi)
   568 | D:5      | Reached XP level 4. HP: 33/40 MP: 3/3
   569 | D:5      | Noticed an ogre
   574 | D:5      | Killed emperorscorpion's ghost
   574 | D:5      | Reached skill level 5 in Armour
   574 | D:5      | Reached skill level 1 in Dodging
   576 | D:5      | Killed an ogre
   576 | D:5      | Reached skill level 5 in Shields
   576 | D:5      | Reached XP level 5. HP: 19/47 MP: 4/4
   586 | D:5      | Found a staircase to the Ecumenical Temple.
   604 | Temple   | Entered the Ecumenical Temple
   619 | Temple   | Became a worshipper of Cheibriados the Contemplative
   666 | D:5      | Found a shadowy altar of Dithmenos.
   670 | D:5      | Noticed an ogre
   676 | D:5      | Killed an ogre
   676 | D:5      | Reached XP level 6. HP: 31/53 MP: 5/5
   826 | D:3      | Noticed Dargar's ghost (amateur OpAs)
   928 | D:5      | Reached * piety under Cheibriados
   928 | D:5      | Reached skill level 5 in Long Blades
  1123 | D:6      | Reached XP level 7. HP: 28/60 MP: 6/6
  1133 | D:6      | Reached skill level 6 in Shields
  1237 | D:6      | Reached ** piety under Cheibriados
  1321 | D:7      | Reached skill level 5 in Fighting
  1352 | D:8      | Noticed Erica
  1369 | D:8      | Killed Erica
  1369 | D:8      | Reached skill level 7 in Shields
  1369 | D:8      | Reached skill level 1 in Evocations
  1369 | D:8      | Reached XP level 8. HP: 54/70 MP: 7/7
  1458 | D:8      | You fall through a shaft!
  1460 | D:9      | Found a staircase to the Orcish Mines.
  1470 | D:9      | Noticed a hippogriff
  1477 | D:9      | Reached XP level 9. HP: 41/75 MP: 8/8
  1478 | D:9      | Reached skill level 8 in Shields
  1489 | D:9      | Reached skill level 5 in Dodging
  1492 | D:9      | Reached *** piety under Cheibriados
  1507 | D:9      | HP: 1/78 [orc priest/divine providence (8)]
  1563 | Orc:1    | Entered Level 1 of the Orcish Mines
  1573 | Orc:1    | Found a roughly hewn altar of Beogh.
  1634 | Orc:1    | Noticed an orc knight
  1638 | Orc:1    | Noticed an orc knight
  1647 | Orc:1    | Killed an orc knight
  1647 | Orc:1    | Reached skill level 9 in Shields
  1651 | Orc:1    | Noticed an orc high priest
  1652 | Orc:1    | Killed an orc knight
  1652 | Orc:1    | Reached skill level 10 in Long Blades
  1652 | Orc:1    | Reached XP level 10. HP: 31/86 MP: 10/10
  1655 | Orc:1    | Reached **** piety under Cheibriados
  1659 | Orc:1    | Noticed an orange demon
  1661 | Orc:1    | Killed an orc high priest
  1661 | Orc:1    | Reached skill level 1 in Throwing
  1722 | Orc:1    | Noticed a two-headed ogre
  1724 | Orc:1    | Noticed an orc high priest
  1728 | Orc:1    | Killed a two-headed ogre
  1728 | Orc:1    | Reached skill level 1 in Invocations
  1735 | Orc:1    | Killed an orc high priest
  1735 | Orc:1    | Reached skill level 10 in Shields
  1804 | Orc:1    | Found Biofisid's Jewellery Shoppe.
  1827 | Orc:1    | Noticed a two-headed ogre
  1834 | Orc:1    | Killed a two-headed ogre
  1851 | Orc:1    | Noticed an orc high priest
  1855 | Orc:1    | Noticed an orange demon
  1866 | Orc:1    | Killed an orc high priest
  1871 | Orc:1    | Reached XP level 11. HP: 16/94 MP: 10/12
  2262 | Orc:2    | Entered Level 2 of the Orcish Mines
  2349 | Orc:2    | Noticed an orc high priest
  2352 | Orc:2    | Reached skill level 1 in Stealth
  2364 | Orc:2    | Reached ***** piety under Cheibriados
  2371 | Orc:2    | Killed an orc high priest
  2536 | Orc:2    | Found a staircase to the Elven Halls.
  2586 | Orc:2    | Noticed an orc knight
  2600 | Orc:2    | Killed an orc knight
  2631 | Orc:2    | Noticed an orc high priest
  2638 | Orc:2    | Noticed an orc high priest
  2648 | Orc:2    | Killed an orc high priest
  2660 | Orc:2    | Noticed an orc sorcerer
  2667 | Orc:2    | Noticed an orc knight
  2669 | Orc:2    | Killed an orc sorcerer
  2669 | Orc:2    | Reached skill level 11 in Shields
  2681 | Orc:2    | Killed an orc knight
  2712 | Orc:2    | Killed an orc high priest
  2721 | Orc:2    | Noticed an orc knight
  2754 | Orc:2    | Noticed an orc sorcerer
  2767 | Orc:2    | Killed an orc sorcerer
  2767 | Orc:2    | Reached skill level 5 in Invocations
  2792 | Orc:2    | Killed an orc knight
  2799 | Orc:2    | Noticed an orc knight
  2811 | Orc:2    | Killed an orc knight
  2824 | Orc:2    | Noticed an orc high priest
  2827 | Orc:2    | Noticed an orc sorcerer
  2833 | Orc:2    | Killed an orc high priest
  2840 | Orc:2    | Killed an orc sorcerer
  2856 | Orc:2    | Found Zat Pymp's Armour Shoppe.
  2856 | Orc:2    | Found Tiulo's Weapon Boutique.
  2858 | Orc:2    | Found Hideng's Jewellery Shoppe.
  2858 | Orc:2    | Found Ixeesch's Book Boutique.
  2880 | Orc:2    | Bought a +4 demon blade of electrocution for 773 gold pieces
  3290 | Elf:1    | Entered Level 1 of the Elven Halls
  3325 | Elf:1    | Noticed a deep elf mage
  3328 | Elf:1    | Noticed Kirke
  3330 | Elf:1    | Killed a deep elf mage
  3332 | Elf:1    | Reached XP level 12. HP: 76/104 MP: 15/15
  3340 | Elf:1    | Killed Kirke
  3516 | Elf:1    | Found Ihyifank's Jewellery Emporium.
  3659 | Elf:1    | Found a flickering gateway to a bazaar.
  3710 | Bazaar   | Entered a bazaar
  3710 | Bazaar   | Found Ziurhiwu's Antique Weapon Shoppe.
  3710 | Bazaar   | Found Desuts's Distillery.
  3710 | Bazaar   | Found Nuilotom's Food Shop.
  3712 | Bazaar   | Found Kaodum's Jewellery Shop.
  3712 | Bazaar   | Found Butay's Gadget Emporium.
  3759 | Bazaar   | Bought an uncursed ring of see invisible for 165 gold pieces
  3873 | Orc:2    | Bought a +2 cloak of invisibility for 301 gold pieces
  3969 | D:9      | Found Rykhy's Food Boutique.
  4324 | D:8      | Found a burning altar of Makhleb.
  4326 | D:8      | Noticed a cacodemon
  4435 | D:7      | Noticed Dargar's ghost (novice OpAs)
  4443 | D:7      | Killed Dargar's ghost
  4443 | D:7      | Reached skill level 10 in Fighting
  4461 | D:6      | Noticed Blork the orc
  4464 | D:6      | Killed Blork the orc
  4672 | D:6      | You fall through a shaft for 2 floors!
  4719 | D:7      | Reached skill level 12 in Shields
  4727 | D:6      | Reached ****** piety under Cheibriados
  5329 | D:7      | Noticed Pikel
  5333 | D:7      | Killed Pikel
  5899 | D:9      | Noticed Grum
  5910 | D:9      | Killed Grum
  5932 | D:9      | Noticed a two-headed ogre
  5934 | D:9      | Found a staircase to the Lair.
  5939 | D:9      | Killed a two-headed ogre
  5944 | D:9      | Reached XP level 13. HP: 78/113 MP: 17/17
  6186 | Lair:1   | Entered Level 1 of the Lair of Beasts
  6708 | Lair:6   | Entered Level 6 of the Lair of Beasts
  6722 | Lair:6   | Reached skill level 10 in Dodging
  7110 | Lair:6   | Reached skill level 5 in Evocations
  7404 | Lair:6   | Found a staircase to the Slime Pits.
  7652 | Lair:5   | Reached skill level 13 in Shields
  7671 | Lair:5   | Reached XP level 14. HP: 122/122 MP: 19/19
  8580 | Lair:3   | Found a staircase to the Snake Pit.
  8985 | Lair:3   | Found a staircase to the Shoals.
  9033 | Lair:2   | Noticed Harold
  9038 | Lair:2   | Killed Harold
  9736 | Snake:1  | Entered Level 1 of the Snake Pit
  9880 | Snake:1  | Found Gint's Antique Weapon Shoppe.
 10251 | Snake:1  | Reached XP level 15. HP: 132/132 MP: 21/21
 10307 | Snake:2  | Reached skill level 14 in Shields
 10428 | Snake:2  | Noticed a nagaraja
 10439 | Snake:2  | Killed a nagaraja
 10522 | Snake:2  | Gained mutation: Your muscles are strong. (Str +2) [potion of mutation]
 10522 | Snake:2  | Gained mutation: You passively map a small area around you. [potion of mutation]
 10522 | Snake:2  | Gained mutation: You are resistant to hostile enchantments. (MR+) [potion of mutation]
 10522 | Snake:2  | Gained mutation: You have large cloven feet. [potion of mutation]
 10743 | Snake:3  | Noticed a nagaraja
 10755 | Snake:3  | Killed a nagaraja
 10918 | Snake:3  | Reached skill level 10 in Invocations
 10973 | Snake:4  | Entered Level 4 of the Snake Pit
 10982 | Snake:4  | Noticed a nagaraja
 10990 | Snake:4  | Killed a nagaraja
 10990 | Snake:4  | Reached skill level 15 in Shields
 10993 | Snake:4  | Noticed a nagaraja
 10997 | Snake:4  | Killed a nagaraja
 11050 | Snake:4  | Noticed a nagaraja
 11056 | Snake:4  | Killed a nagaraja
 11087 | Snake:4  | Noticed a nagaraja
 11099 | Snake:4  | Killed a nagaraja
 11138 | Snake:4  | Noticed a nagaraja
 11145 | Snake:4  | Killed a nagaraja
 11227 | Snake:4  | Reached XP level 16. HP: 140/141 MP: 22/22
 11677 | Snake:4  | Reached skill level 16 in Shields
 11770 | Snake:4  | Got a serpentine rune of Zot
 11997 | Snake:2  | Found a snail-covered altar of Cheibriados.
 12098 | Shoals:1 | Entered Level 1 of the Shoals
 12107 | Shoals:1 | Identified the Collected Works on Glacial Stones
 12314 | Shoals:2 | Noticed Donald
 12325 | Shoals:2 | Killed Donald
 12579 | Shoals:2 | Reached skill level 17 in Shields
 12697 | Shoals:4 | Entered Level 4 of the Shoals
 12852 | Shoals:4 | Noticed Ilsuiw
 12867 | Shoals:4 | Killed Ilsuiw
 12941 | Shoals:4 | Reached XP level 17. HP: 149/150 MP: 24/24
 13333 | Shoals:4 | Got a barnacled rune of Zot
 13858 | D:10     | Entered Level 10 of the Dungeon
 13990 | D:10     | Reached skill level 18 in Shields
 14362 | D:12     | Found a labyrinth entrance.
 14379 | Lab      | Entered a labyrinth
 14615 | Lab      | Reached skill level 15 in Dodging
 14870 | D:14     | Found a gate to the Vaults.
 14901 | Vaults:1 | Entered Level 1 of the Vaults
 15150 | Vaults:3 | Reached skill level 10 in Armour
 15428 | Vaults:3 | Reached XP level 18. HP: 156/161 MP: 25/25
 15539 | Vaults:3 | Noticed Frederick
 15556 | Vaults:3 | Killed Frederick
 15556 | Vaults:3 | Reached skill level 19 in Shields
 15669 | Vaults:3 | Reached skill level 5 in Throwing
 15980 | Vaults:4 | Reached skill level 15 in Fighting
 16167 | Vaults:4 | Reached skill level 20 in Shields
 16418 | Vaults:4 | Found Fotob's Magic Scroll Boutique.
 16456 | Vaults:4 | Reached XP level 19. HP: 67/170 MP: 27/27
 16462 | Vaults:4 | Bought a scroll of fog for 40 gold pieces
 16462 | Vaults:4 | Bought a scroll of blinking for 150 gold pieces
 16462 | Vaults:4 | Bought a scroll of enchant armour for 150 gold pieces
 16462 | Vaults:4 | Bought a scroll of summoning for 190 gold pieces
 16462 | Vaults:4 | Bought a scroll of teleportation for 60 gold pieces
 16517 | Vaults:4 | Found Hoysal's Weapon Emporium.
 16773 | Vaults:4 | Found a gateway to a bazaar.
 16790 | Bazaar   | Entered a bazaar
 16790 | Bazaar   | Found Zozuybb's Food Shop.
 16800 | Bazaar   | Found Zoiras's Jewellery Shoppe.
 16812 | Bazaar   | Found Sujef's Armour Emporium.
 16819 | Bazaar   | Bought a +1 hat of magic resistance for 176 gold pieces
 16851 | Bazaar   | Found Woimipp's General Store.
 16861 | Bazaar   | Bought a scroll of acquirement for 728 gold pieces
 16864 | Bazaar   | Bought a scroll of summoning for 133 gold pieces
 16984 | Vaults:5 | Entered Level 5 of the Vaults
 17005 | Vaults:5 | Reached skill level 21 in Shields
 18001 | Vaults:5 | Noticed a golden dragon
 18013 | Vaults:5 | Killed a golden dragon
 18075 | Vaults:5 | Reached XP level 20. HP: 86/182 MP: 28/28
 18088 | Vaults:5 | Reached skill level 22 in Shields
 18292 | Vaults:5 | Identified the +4 plate armour of the Gloaming {rF++ rN+ Regen+ Dex-5} (You found it on level 5 of the Vaults)
 18338 | Vaults:5 | Identified the +3 long sword of Baih {vamp, *Noise rElec rPois Dex+2} (You took it off a deep elf mage on level 5 of the Vaults)
 18425 | Vaults:5 | Reached skill level 10 in Evocations
 18556 | Vaults:5 | Noticed a golden dragon
 18560 | Vaults:5 | Killed a golden dragon
 18706 | Vaults:5 | Noticed a golden dragon
 18722 | Vaults:5 | Killed a golden dragon
 18791 | Vaults:5 | Got a silver rune of Zot
 18900 | Vaults:4 | Got a glittering amethyst amulet
 18901 | Vaults:4 | Identified the amulet "Dainuk" {rF+ Regen+ Str+4} (You took it off a deep elf knight on level 4 of the Vaults)
 19241 | D:15     | Entered Level 15 of the Dungeon
 19342 | D:15     | Found a staircase to the Depths.
 19356 | Depths:1 | Entered Level 1 of the Depths
 19398 | Depths:1 | Reached skill level 23 in Shields
 19540 | Depths:2 | Identified the ring of Ifaetask {+Blink rF- rN+ Int+4} (You took it off a tengu reaver on level 2 of the Depths)
 19649 | Depths:3 | Found a runed door.
 19653 | Depths:3 | Found the +3 crown of Dyrovepreva {rElec Int+2 SInv}
 19853 | Depths:3 | Reached XP level 21. HP: 117/191 MP: 2/29
 20036 | Depths:4 | Found a gateway to a ziggurat.
 20069 | Depths:4 | Identified the +0 cloak of Bytipris {*Contam +Blink rPois rCorr} (You found it on level 4 of the Depths)
 20134 | Depths:5 | Entered Level 5 of the Depths
 20329 | Depths:5 | Learned a level 3 spell: Regeneration
 20348 | Depths:5 | Found a gate to the Realm of Zot.
 20411 | Depths:5 | Found a gateway to Hell.
 20417 | Depths:5 | Reached skill level 1 in Necromancy
 20460 | Zot:1    | Entered Level 1 of the Realm of Zot
 20465 | Zot:1    | Reached skill level 1 in Charms
 20504 | Zot:1    | Reached skill level 1 in Spellcasting
 20895 | Zot:2    | Noticed a golden dragon
 20903 | Zot:2    | Killed a golden dragon
 20903 | Zot:2    | Reached skill level 24 in Shields
 21141 | Zot:3    | Noticed a golden dragon
 21145 | Zot:3    | Killed a golden dragon
 21172 | Zot:5    | Entered Level 5 of the Realm of Zot
 21172 | Zot:5    | Noticed a curse toe
 21303 | Zot:5    | Killed a curse toe
 21357 | Zot:5    | Reached XP level 22. HP: 182/202 MP: 20/30
 21379 | Zot:5    | Noticed a golden dragon
 21390 | Zot:5    | Killed a golden dragon
 21709 | Zot:5    | Noticed an orb of fire
 21715 | Zot:5    | Gained mutation: You tend to lose your temper in combat. [an orb of fire]
 21720 | Zot:5    | Gained mutation: Your body sometimes deteriorates upon taking damage. [an orb of fire]
 21724 | Zot:5    | Killed an orb of fire
 21897 | Zot:4    | Noticed an orb of fire
 21908 | Zot:4    | Gained mutation: Your magical capacity is low. (-10% MP) [an orb of fire]
 21912 | Zot:4    | Killed an orb of fire
 21912 | Zot:4    | Reached skill level 15 in Armour
 22090 | Zot:4    | Found Puosut's Changing Room.
 22188 | Zot:5    | Noticed an orb of fire
 22198 | Zot:5    | Gained mutation: You are clumsy. (Dex -2) [an orb of fire]
 22210 | Zot:5    | Killed an orb of fire
 22299 | Zot:5    | Noticed an ancient lich
 22302 | Zot:5    | Paralysed by an ancient lich for 2 turns
 22308 | Zot:5    | Killed an ancient lich
 22308 | Zot:5    | Reached skill level 25 in Shields
 22409 | Zot:5    | Lost mutation: Your muscles are strong. (Str +2) [potion of mutation]
 22409 | Zot:5    | Lost mutation: Your body sometimes deteriorates upon taking damage. [potion of mutation]
 22409 | Zot:5    | Gained mutation: You are weak. (Str -2) [potion of mutation]
 22409 | Zot:5    | Gained mutation: You are somewhat resistant to further mutation. [potion of mutation]
 22410 | Zot:5    | Lost mutation: You are clumsy. (Dex -2) [potion of mutation]
 22410 | Zot:5    | Lost mutation: Your magical capacity is low. (-10% MP) [potion of mutation]
 22410 | Zot:5    | Lost mutation: You tend to lose your temper in combat. [potion of mutation]
 22433 | Zot:5    | Noticed an ancient lich
 22461 | Zot:5    | Reached XP level 23. HP: 211/211 MP: 31/31
 22465 | Zot:5    | Noticed an ancient lich
 22475 | Zot:5    | Killed an ancient lich
 22634 | Zot:5    | Noticed an ancient lich
 22637 | Zot:5    | Noticed a Killer Klown
 22638 | Zot:5    | Noticed an orb of fire
 22641 | Zot:5    | Killed an ancient lich
 22645 | Zot:5    | Gained mutation: Your body sometimes deteriorates upon taking damage. [an orb of fire]
 22647 | Zot:5    | Gained mutation: Your spells are a little easier to cast, but a little less powerful. [an orb of fire]
 22661 | Zot:5    | Killed an orb of fire
 22669 | Zot:5    | Killed a Killer Klown
 22671 | Zot:5    | Noticed a Killer Klown
 22686 | Zot:5    | Killed a Killer Klown
 22732 | Zot:5    | Noticed an ancient lich
 22759 | Zot:5    | Killed an ancient lich
 23013 | Zot:5    | Got the Orb of Zot
 23021 | Zot:5    | Noticed an ancient lich
 23023 | Zot:5    | Noticed a Killer Klown
 23035 | Zot:5    | Killed an ancient lich
 23035 | Zot:5    | Reached skill level 10 in Throwing
 23054 | Zot:5    | Killed a Killer Klown
 23067 | Zot:5    | Killed from afar by a Hell Sentinel

Vault maps used:
D:1:      lemuel_arrival_funnel
D:2:      hangedman_decor_lopped
D:3:      minmay_statues_item, minmay_misc_feat_pillars
D:5:      nicolae_dithmenos_the_darkroom, minmay_temple_entry_mist,
          first_ration, minmay_hedge_maze, st_stairs_5, due_unseen_surprise
D:6:      uniq_blork_the_orc
D:7:      uniq_pikel
D:8:      blue_anna_alchemist, makhleb_altar_promises_db, uniq_erica
D:9:      erik_lair_orcish_takeover, erik_orc_4, serial_shops, shop, uniq_grum
D:10:     minmay_another_anthill, uniq_joseph
D:11:     uniq_fannar
D:12:     lab_entry_generic
D:13:     minmay_misc_feat_nine_boxes, uniq_snorg
D:14:     david_vaults_2, roderic_lattice_octagonal_star, serial_shops,
          shop_statue, spider_trap, guppyfry_shop_earth
D:15:     hangedman_depths_entry_civil_slaughter, serial_shops,
          nicolae_shop_temple_entry_statues_fountains, minmay_orc_keep
Temple:   compressed_dpeg_circular_temple
Lair:1:   bh_autumn_forest_stairs, fungi_pond_lemuel, grunt_megastairs_2
Lair:2:   minmay_guarded_unrand_snakebite, infiniplex_staircase_pool,
          uniq_harold
Lair:3:   elwin_shoals_entry_stream, minmay_snake_entry_guardpost_small,
          serial_bayou_shore_b
Lair:4:   serial_bayou_crossing
Lair:5:   nicolae_lair_yak_garden, minmay_lair_oklob_chamber
Lair:6:   minmay_lair_end_frog_pond, dpeg_slime_entry_corner
Shoals:2: cheibrodos_shoals_oceanic_diplomacy, uniq_donald
Shoals:3: uniq_aizul
Shoals:4: shoals_end_grunt_ice, shoal_ilsuiw
Snake:1:  serial_shops, nicolae_shop_statue_plus, minmay_shop_grove
Snake:2:  basic_altar, serial_bayou_ford_a, nrook_guardian_serpent_double
Snake:3:  lemuel_fruit_tree, grunt_megastairs_3
Snake:4:  minmay_snake_end_coiled, spider_trap
Orc:1:    basic_altar, lightli_volcano_entry_magma_tube, guppyfry_orc_lava_fort
Orc:2:    grunt_orc_tribal_feast
Elf:1:    serial_shops, bzr_entry_water, nicolae_shop_trees,
          minmay_elf_crystal_hexagon, uniq_kirke
Elf:2:    nicolae_trove_entry_free_sample, uniq_roxanne, uniq_nikola
Vaults:1: v_misc_33, v_misc_19, vaults_room_grunt_arrival_ludios,
          nicolae_vaults_network_s, nicolae_vaults_asterisk,
          nicolae_vaults_circle_grid_b, vaults_room_fours
Vaults:2: hangedman_vaults_restitches, nicolae_vaults_theta,
          hangedman_vaults_nails, ontoclasm_vaults_shuriken,
          ontoclasm_vaults_loading_screen, nicolae_vaults_triangles,
          ontoclasm_vaults_bender, minmay_crypt_entry_skeletal_spiral,
          hangedman_vaults_corner, vaults_room_semicircle, vaults_dpeg_ring,
          ontoclasm_vaults_chip, serial_shops, shop, basic_altar, uniq_boris
Vaults:3: hangedman_vaults_slice, v_pattern_5, nicolae_vaults_sealed_display,
          vaults_mumra_minichess, st_hourglassy, v_misc_5,
          nicolae_vaults_circle_grid_b, v_misc_5,
          ontoclasm_vaults_claustrophobia, nicolae_vaults_little_squares_2,
          serial_shops, nicolae_shop_crystal, uniq_frederick
Vaults:4: v_misc_29, hangedman_vaults_locks, nicolae_vaults_halls_meeting,
          nicolae_vaults_three_branches, hangedman_vaults_stream,
          ontoclasm_vaults_misaligned, vaults_mumra_chevron,
          hangedman_vaults_snaps, ontoclasm_vaults_eye, vaults_room_pools,
          serial_shops, bzr_entry_gold, shop, shop
Vaults:5: serial_shops
Depths:1: hell_entry, abyss_entry_flame_altar, xom_teletrap_fun,
          serial_bayou_shore_b
Depths:2: ragdoll_tomb_raider, lightli_too_deep, serial_sigils_hangedman_quiver,
          hangedman_aviary, infiniplex_staircase_zigzag_1
Depths:3: kennysheep_big_flooded_room, minmay_tree_intersection,
          pf_vacation_house_of_asmodeus, pan_entry, minmay_crystal_box
Depths:4: minmay_fractal_lines_corner, enter_ziggurat_a,
          hangedman_abyss_or_decor_stabs, serial_sigils,
          serial_sigils_hangedman_leer, serial_sigils_hangedman_stare,
          serial_sigils_hangedman_quiver, serial_sigils_hangedman_quiver,
          hell_entry, minmay_room_of_horrors
Depths:5: grunt_twist_and_shout, hell_entry, minmay_misc_feat_five
Zot:1:    lemuel_baited_zot_trap
Zot:4:    nicolae_transmutations_shop
Zot:5:    st_stairs_2, hangedman_zot_decor_scrapings,
          kennysheep_underground_church
Lab:      labyrinth_mini_lab, nicolae_lab_do_over, nicolae_lab_hexagon
Bazaar:   bazaar_minmay_generic_island, bazaar_kb_twisted_cavern

Skill      XL: |  1  2  3  4  5  6  7  8  9 10 11 12 13 14 15 16 17 18 19 20 21 22 23 |
---------------+----------------------------------------------------------------------+-----
Shields        | 4 5 7 9 10 11 12 13 15 17 18 20 21 23 24 25 | 25.0
Fighting       | 4 5 6 7 8 9 10 11 12 13 14 15 16 17 18 20 | 20.2
Armour         | 4 5 6 7 8 9 10 11 13 14 15 17 | 17.5
Long Blades    | 3 4 5 7 8 10 11 12 13 14 | 14.0
Dodging        | 1 2 4 6 7 8 9 11 12 13 14 15 16 17 | 17.0
Evocations     | 1 3 5 6 8 9 10 | 10.6
Throwing       | 2 3 4 5 7 8 10 | 10.1
Invocations    | 3 5 7 8 9 10 11 12 13 | 13.1
Stealth        | 1 2 3 4 |  4.4
Necromancy     | 2 4 |  4.8
Charms         | 2 4 |  4.2
Spellcasting   | 2 4 |  4.4

Action                   |  1- 3 |  4- 6 |  7- 9 | 10-12 | 13-15 | 16-18 | 19-21 | 22-24 || total
-------------------------+-------+-------+-------+-------+-------+-------+-------+-------++-------
Melee: Long sword        |    67 |    53 |    71 |       |       |       |       |       ||   191
       Headbutt          |     5 |    15 |    45 |   127 |   235 |   362 |   429 |   213 ||  1431
       Scimitar          |       |       |    93 |   184 |   141 |     6 |       |       ||   424
       Demon blade       |       |       |       |   194 |   559 |  1068 |  1020 |   544 ||  3385
Throw: Javelin           |       |       |     4 |     5 |    15 |    22 |   155 |    31 ||   232
       Tomahawk          |       |       |     2 |    12 |     8 |     1 |       |       ||    23
       Throwing net      |       |       |       |       |     1 |       |       |     7 ||     8
 Cast: Regeneration      |       |       |       |       |       |       |       |    14 ||    14
Invok: Slouch            |       |       |       |     2 |     2 |    13 |    11 |     6 ||    34
 Abil: Evoke Invisibilit |       |       |       |       |     1 |       |     3 |     3 ||     7
Evoke: Wand              |       |       |     9 |       |     1 |    11 |     3 |       ||    24
       Fan of gales      |       |       |       |       |       |       |     1 |       ||     1
  Use: Potion            |       |     1 |     3 |       |     3 |     2 |     4 |     3 ||    16
       Scroll            |       |       |     5 |     5 |    13 |     8 |    24 |       ||    55
 Stab: Sleeping          |       |       |       |    10 |    18 |       |       |       ||    28
       Distracted        |       |       |       |       |     2 |     3 |     1 |       ||     6
       Invisible         |       |       |       |       |     7 |       |    26 |     9 ||    42
       Petrified         |       |       |       |       |     5 |       |       |       ||     5
       Held in net/web   |       |       |       |       |       |       |       |     2 ||     2
  Eat: Chunk             |       |     1 |     1 |     9 |    11 |    11 |    10 |     4 ||    47
       Ration            |       |       |       |       |     1 |       |     1 |     1 ||     3
Armor: Scale mail        |    43 |    19 |    61 |    10 |       |       |       |       ||   133
       Troll leather arm |       |       |       |    33 |    72 |     4 |       |       ||   109
       Plate armour      |       |       |       |       |       |   133 |    27 |       ||   160
       Skin              |       |       |       |       |       |     3 |       |       ||     3
       Gold dragon scale |       |       |       |       |       |       |   134 |    91 ||   225
Dodge: Dodged            |    31 |    33 |    97 |   181 |   330 |   370 |   360 |   194 ||  1596
Block: Shield            |    42 |    37 |   117 |   241 |   286 |       |       |       ||   723
       Large shield      |       |       |       |       |   355 |  1218 |  1247 |   574 ||  3394
       Rpst.: Long sword |     5 |    12 |    11 |       |       |       |       |       ||    28
       Scimitar          |       |       |    17 |    13 |    12 |       |       |       ||    42
       Demon blade       |       |       |       |    12 |    50 |    55 |    55 |    21 ||   193

Table legend:
 A = Spawn XP
 B = Non-spawn XP
 C = Spawn XP percentage of total XP
 D = Spawn monster count
 E = Non-spawn monster count
 F = Spawn count percentage of total count
 G = Total turns spent on level
                    A         B        C        D         E        F      G
               +---------+---------+-------+---------+---------+-------+---------
         Total |       0 |  964155 |   0.0 |       0 |    1445 |   0.0 | 23067
               +---------+---------+-------+---------+---------+-------+---------
           D:1 |       0 |       8 |   0.0 |       0 |       5 |   0.0 |   222
           D:2 |       0 |      62 |   0.0 |       0 |       8 |   0.0 |   203
           D:3 |       0 |       4 |   0.0 |       0 |       3 |   0.0 |    42
           D:4 |       0 |     193 |   0.0 |       0 |      18 |   0.0 |   297
           D:5 |       0 |     347 |   0.0 |       0 |      11 |   0.0 |   404
           D:6 |       0 |     923 |   0.0 |       0 |      30 |   0.0 |   673
           D:7 |       0 |    2748 |   0.0 |       0 |      37 |   0.0 |   672
           D:8 |       0 |    2239 |   0.0 |       0 |      22 |   0.0 |   685
           D:9 |       0 |    4788 |   0.0 |       0 |      61 |   0.0 |   590
          D:10 |       0 |    4976 |   0.0 |       0 |      45 |   0.0 |   413
          D:12 |       0 |    2628 |   0.0 |       0 |      12 |   0.0 |   132
          D:13 |       0 |    4535 |   0.0 |       0 |      21 |   0.0 |   158
          D:14 |       0 |    3656 |   0.0 |       0 |      11 |   0.0 |   117
          D:15 |       0 |    9915 |   0.0 |       0 |      18 |   0.0 |   115
        Lair:1 |       0 |    3174 |   0.0 |       0 |      21 |   0.0 |   821
        Lair:2 |       0 |    2552 |   0.0 |       0 |       8 |   0.0 |   214
        Lair:3 |       0 |    8197 |   0.0 |       0 |      32 |   0.0 |   678
        Lair:4 |       0 |    1417 |   0.0 |       0 |       6 |   0.0 |   260
        Lair:5 |       0 |   15623 |   0.0 |       0 |      44 |   0.0 |   877
        Lair:6 |       0 |   19630 |   0.0 |       0 |      65 |   0.0 |   877
      Shoals:1 |       0 |    6279 |   0.0 |       0 |      11 |   0.0 |   201
      Shoals:2 |       0 |   15451 |   0.0 |       0 |      30 |   0.0 |   373
      Shoals:3 |       0 |    3199 |   0.0 |       0 |       7 |   0.0 |   102
      Shoals:4 |       0 |   41065 |   0.0 |       0 |      62 |   0.0 |   946
       Snake:1 |       0 |   13928 |   0.0 |       0 |      26 |   0.0 |   518
       Snake:2 |       0 |   20465 |   0.0 |       0 |      37 |   0.0 |   584
       Snake:3 |       0 |   12091 |   0.0 |       0 |      21 |   0.0 |   266
       Snake:4 |       0 |   38177 |   0.0 |       0 |      67 |   0.0 |   930
         Orc:1 |       0 |    7579 |   0.0 |       0 |      37 |   0.0 |   726
         Orc:2 |       0 |    9508 |   0.0 |       0 |      54 |   0.0 |  1131
         Elf:1 |       0 |    9640 |   0.0 |       0 |      20 |   0.0 |   480
         Elf:2 |       0 |     595 |   0.0 |       0 |       1 |   0.0 |     4
      Vaults:1 |       0 |   15156 |   0.0 |       0 |      23 |   0.0 |   277
      Vaults:2 |       0 |    3964 |   0.0 |       0 |      15 |   0.0 |    82
      Vaults:3 |       0 |   53745 |   0.0 |       0 |      89 |   0.0 |   746
      Vaults:4 |       0 |  106473 |   0.0 |       0 |     131 |   0.0 |  1859
      Vaults:5 |       0 |  111699 |   0.0 |       0 |     100 |   0.0 |  1187
      Depths:1 |       0 |    9461 |   0.0 |       0 |      15 |   0.0 |    89
      Depths:2 |       0 |   11384 |   0.0 |       0 |      10 |   0.0 |   204
      Depths:3 |       0 |    7362 |   0.0 |       0 |       9 |   0.0 |   274
      Depths:4 |       0 |   13106 |   0.0 |       0 |      23 |   0.0 |   211
      Depths:5 |       0 |   41230 |   0.0 |       0 |      43 |   0.0 |   326
         Zot:1 |       0 |   14437 |   0.0 |       0 |       9 |   0.0 |   428
         Zot:2 |       0 |   20494 |   0.0 |       0 |      12 |   0.0 |   120
         Zot:3 |       0 |   14509 |   0.0 |       0 |       9 |   0.0 |   144
         Zot:4 |       0 |   41703 |   0.0 |       0 |      21 |   0.0 |   623
         Zot:5 |       0 |  232517 |   0.0 |       0 |      84 |   0.0 |  1292
           Lab |       0 |    1323 |   0.0 |       0 |       1 |   0.0 |   254
               +---------+---------+-------+---------+---------+-------+---------
